 Dungeon Crawl Stone Soup version 0.28-a0-771-g91a516d0e7 (webtiles) character file.

Game seed: 12299213876241416808

1609494 EnegeticOcto the Conqueror (level 27, 205/205 HPs)
             Began as a Djinni Arcane Marksman on Nov 1, 2021.
             Was a High Priest of Hepliaklqana.
             Escaped with the Orb
             ... and 3 runes!
             The game lasted 02:10:40 (70113 turns).

EnegeticOcto the Conqueror (DjAM)                  Turns: 70113, Time: 02:10:40

Health: 205/205    AC: 36    Str: 14      XL:     27
Gold:   4118       EV: 14    Int: 26      God:    Hepliaklqana [*****.] SH: 17 Dex: 19 (20)

rFire   + . .      SeeInvis .   b - +9 demon trident (freeze)
rCold   + . .      Faith    .   B - +3 kite shield
rNeg    . . .      Spirit   .   g - +9 ice dragon scales
rPois   ∞          Reflect  .   J - +0 helmet of Noughts and Crosses {Will++ Str-4 Slay+5}
rElec   +          Harm     .   w - +2 cloak {rCorr}
rCorr   +          Rampage  .   j - +2 pair of gloves {Str+3}
Will    ++++.      Clarity  +   (boots unavailable)
Stlth   +.........              s - amulet of regeneration
HPRegen 1.44/turn               f - +4 ring of protection
MPRegen 0.00/turn               a - ring of Moontef {rElec rCorr Int+6 Dex+4}

@: flying, studying 2 skills
A: reduced essence, sickness immunity, fire resistance 2, cold vulnerability 1,
float, innate caster, hp casting, extra vitality 1, clarity, clever 1, weak 1
0: Orb of Zot
}: 3/15 runes: serpentine, barnacled, silver
a: Renounce Religion, Recall Ancestor, Ancestor Identity, Transference, Idealise


You escaped.
You worshipped Hepliaklqana.
Hepliaklqana was extremely pleased with you.
You visited 10 branches of the dungeon, and saw 49 of its levels.
You also visited: Trove and Gauntlet.

You collected 12306 gold pieces.
You spent 8188 gold pieces at shops.

Inventory:

Hand Weapons
 b - a +9 demon trident of freezing (weapon)
   (You acquired it on level 2 of the Dungeon)
 K - a +2 rapier of distortion
   (You took it off a spriggan on level 6 of the Lair of Beasts)
Missiles
 i - 6 silver boomerangs
 N - 24 silver javelins (quivered)
 O - 3 curare-tipped darts
 T - 2 throwing nets {!f}
 Z - 22 boomerangs
Armour
 g - +9 ice dragon scales (worn)
   (You bought it in a shop on level 1 of the Shoals)
 j - a +2 pair of gloves of strength (worn)
   (You bought it in a shop on level 3 of the Vaults)
 w - a +2 cloak of preservation (worn)
   (You found it in a Gauntlet)
 B - a +3 kite shield (worn)
   (You found it on level 10 of the Dungeon)
 J - the +0 helmet of Noughts and Crosses (worn) {Will++ Str-4 Slay+5}
   (You found it on level 3 of the Shoals)

   Str:       It affects your strength (-4).
   Slay:      It affects your accuracy & damage with ranged weapons and melee
   (+5).
   Will:      It greatly increases your willpower.
 W - the +1 pair of boots of the Trees {Fly Str+3 Int+5, gift for gressup}
   (You found it on level 5 of the Vaults)

   Str:       It affects your strength (+3).
   Int:       It affects your intelligence (+5).
   Fly:       It grants you flight.
Jewellery
 a - the ring of Moontef (right hand) {rElec rCorr Int+6 Dex+4}
   (You took it off a vault guard on level 5 of the Vaults)

   [ring of intelligence]

   Int:       It affects your intelligence (+6).
   Dex:       It affects your dexterity (+4).
   rElec:     It insulates you from electricity.
   rCorr:     It protects you from acid and corrosion.
 f - a +4 ring of protection (left hand)
   (You took it off a spriggan air mage on level 2 of the Depths)
 s - an amulet of regeneration (around neck)
   (You bought it in a shop on level 2 of the Orcish Mines)
 y - the ring of the Endless Ears {rF+ Str+5 Dex+2}
   (You took it off a deep elf annihilator on level 3 of the Elven Halls)

   [ring of protection from fire]

   Str:       It affects your strength (+5).
   Dex:       It affects your dexterity (+2).
   rF:        It protects you from fire.
 M - a +4 ring of protection
   (You found it in a Gauntlet)
 Y - the ring "Mauzalal" {rC+ rN+}
   (You took it off a deep elf archer on level 3 of the Elven Halls)

   [ring of protection from cold]

   rC:        It protects you from cold.
   rN:        It protects you from negative energy.
Wands
 h - a wand of polymorph (26)
   (You found it in a treasure trove)
 G - a wand of iceblast (105) {@v2}
   (You found it in a treasure trove)
 P - a wand of charming (44)
   (You found it in a treasure trove)
 R - a wand of acid (39) {@v1}
   (You found it in a treasure trove)
 S - a wand of digging (18) {@v3}
   (You found it on level 3 of the Shoals)
 V - a wand of paralysis (30)
   (You found it on level 13 of the Dungeon)
Scrolls
 e - 8 scrolls of blinking {@r4}
 k - 2 scrolls of immolation
 m - 15 scrolls of teleportation {@r3 !r}
 n - 9 scrolls of fog {!r}
 p - 4 scrolls of silence
 u - 2 scrolls of magic mapping {@r5 !r}
 C - 3 scrolls of summoning
 E - 7 scrolls of fear {!r}
 U - 4 scrolls of vulnerability
Potions
 l - 6 potions of heal wounds {@q2 !q}
 o - a potion of ambrosia
 r - 28 potions of curing {@q1 !q}
 t - 2 potions of resistance
 v - 10 potions of attraction
 x - 4 potions of might {@q3 !q}
 z - 6 potions of brilliance
 A - 6 potions of mutation
 F - 5 potions of invisibility
 H - a potion of berserk rage
 L - 5 potions of lignification {@q6}
 X - 5 potions of haste {@q4 !q}
Miscellaneous
 c - a phial of floods
   (You found it on level 3 of the Snake Pit)
 d - a tin of tremorstones (2/2)
   (You found it on level 3 of the Depths)
 q - a box of beasts
   (You found it on level 2 of the Vaults)
 D - a condenser vane
   (You found it on level 1 of the Snake Pit)
 I - a phantom mirror
   (You found it on level 14 of the Dungeon)
 Q - a lightning rod (4/4)
   (You found it in a Gauntlet)


   Skills:
 O Level 27 Fighting
 - Level 14.0 Polearms
 - Level 1.5 Crossbows
 - Level 16.0 Throwing
 + Level 14.4 Armour
 - Level 10.0 Dodging
 - Level 3.0 Stealth
 - Level 15.0 Shields
 - Level 2.5 Spellcasting
 - Level 15.0 Invocations
 - Level 12.0 Evocations


You couldn't memorise any spells.
You knew the following spells:

 Your Spells              Type           Power      Damage    Failure   Level
a - Slow                  Hex            64%        N/A       12%         1
b - Sting                 Tmut/Pois      64%        1d6       12%         1
c - Scorch                Fire           32%        2d6       19%         2
d - Cause Fear            Hex            8%         N/A       75%         4
e - Inner Flame           Hex/Fire       16%        N/A       34%         3
f - Static Discharge      Conj/Air       16%        N/A       19%         2
g - Airstrike             Air            8%         N/A       75%         4
h - Fulminant Prism       Conj/Hex       8%         3d7       75%         4
i - Iskenderun's Battles  Conj           16%        2d7       97%         5
j - Portal Projectile     Hex/Tloc       32%        N/A       34%         3
k - Statue Form           Tmut/Erth      10%        N/A       100%        6
l - Starburst             Conj/Fire      8%         6d4       100%        6
m - Spellforged Servitor  Conj/Summ      8%         N/A       100%        7
n - Maxwell's Capacitive  Air            8%         ∞         100%        8
o - Monstrous Menagerie   Summ           8%         N/A       100%        7
p - Death's Door          Necr           8%         N/A       100%        9
q - Polar Vortex          Ice            8%         N/A       100%        9
Your spell library was empty.


Dungeon Overview and Level Annotations

Branches:
Dungeon (15/15)            Temple (1/1) D:7            Lair (6/6) D:8
 Shoals (4/4) Lair:3        Snake (4/4) Lair:4        Slime (0/5) Lair:5
    Orc (2/2) D:11            Elf (3/3) Orc:2        Vaults (5/5) D:14
  Crypt (0/3) Vaults:2     Depths (4/4) D:15            Zot (5/5) Depths:4
Gauntlet (visited)

Altars:
Ashenzari
Cheibriados
Dithmenos
Elyvilon
Fedhas
Gozag
Hepliaklqana
Kikubaaqudgha
Makhleb
Nemelex Xobeh
Okawaru
Qazlal
Ru
Sif Muna
Trog
Uskayaw
Vehumet
Wu Jian
Xom
Yredelemnul
Zin
The Shining One
Beogh
Jiyva
Lugonu

Shops:
D:4 :   D:7 :(*(?   Orc:1 (   Orc:2 *[=(   Elf:1 ?   Shoals:1 *   Snake:3 ?
Vaults:2 *   Vaults:3 [   Vaults:4 !   Depths:4 :==

Portals:
Hell: Depths:1 Depths:2 Depths:3 Depths:4
Abyss: Lair:6 Depths:3
Pandemonium: Depths:2 Depths:3
Ziggurat: Depths:2

Annotations:
D:4 Pikel
Lair:1 1 exclusion
Elf:2 3 runed translucent doors
Depths:1 exclusion: statue
Zot:2 1 runed translucent door, Manloll's ghost, legendary GnMo


Innate Abilities, Weirdness & Mutations

Your life essence is reduced to manifest your ancestor. (-10% HP)
You are immune to sickness and miasma.
You are immune to poison.
Your flesh is very heat resistant. (rF++)
You are vulnerable to cold. (rC-)
You float through the air rather than walking.
You learn spells naturally, not from books.
Your magical power is your life essence.
You have superior vitality. (+4 HP)
You possess an exceptional clarity of mind.
Your mind is acute. (Int +2)
You are weak. (Str -2)


Message History

An orange demon comes into view.
There is an open door here.
There is an open door here.
There is a stone staircase leading up here.
You fly upwards.
There is a stone staircase leading down here.
(D) Dungeon (T) Temple (L) Lair (A) Shoals (P) Snake Pit (M) Slime Pits (O) Orcish Mines (E) Elven Halls (V) Vaults (C) Crypt (U) Depths (H) Hell (Z) Zot
Where to? (Enter - D:1 @ (x,y), ? - help)
There is an open door here.
There is a stone staircase leading up here.
You fly upwards.
There is a stone staircase leading down here.
You swap places.
There is an open door here.
There is an open door here.
There is a stone staircase leading up here.
You fly upwards.
There is a stone staircase leading down here.
There is a stone staircase leading up here.
You fly upwards.
There is a stone staircase leading down here.
A green death comes into view.
The green death moves out of view.
An Executioner comes into view.
Gressups birthday completely misses the Executioner.
The Executioner barely misses you. You block the Executioner's attack. x2
The Executioner gestures.
The Executioner seems to speed up.
Gressups birthday hits the Executioner with a +0 broad axe of speed.
The Executioner hits you but does no damage.
You block the Executioner's attack.
The Executioner hits you but does no damage.
The Executioner hits you but does no damage.
You block the Executioner's attack. The Executioner closely misses you.
The Executioner hits you. You block the Executioner's attack. x2
Gressups birthday casts a spell.
Gressups birthday seems to speed up.
There is a stone staircase leading up here.
You puncture the Executioner! You freeze the Executioner.
The Executioner is moderately wounded.
The Executioner hits you but does no damage.
You block the Executioner's attack.
The Executioner hits you but does no damage.
You block the Executioner's attack. x2; The Executioner barely misses you.
You impale the Executioner!! You freeze the Executioner.
The Executioner is almost dead.
The Executioner closely misses you. The Executioner hits you!
The Executioner hits you but does no damage.
You block the Executioner's attack. x2
The Executioner hits you but does no damage.
Gressups birthday barely misses the Executioner.
You impale the Executioner!! You freeze the Executioner.
You kill the Executioner!
You fly upwards.
There is a stone staircase leading down here.
(D) Dungeon (T) Temple (L) Lair (A) Shoals (P) Snake Pit (M) Slime Pits (O) Orcish Mines (E) Elven Halls (V) Vaults (C) Crypt (U) Depths (H) Hell (Z) Zot
Where to? (Enter - D:1 @ (x,y), ? - help) HP restored.
Things that are here:
a +0 hunting sling; a +0 hand axe
There is a stone staircase leading up here.
You fly upwards.
There is a stone staircase leading down here.
A toenail golem comes into view.
There is a stone staircase leading up here.
You fly upwards.
There is a stone staircase leading down here.
(D) Dungeon (T) Temple (L) Lair (A) Shoals (P) Snake Pit (M) Slime Pits (O) Orcish Mines (E) Elven Halls (V) Vaults (C) Crypt (U) Depths (H) Hell (Z) Zot
Where to? (Enter - D:1 @ (x,y), ? - help)
There is a stone staircase leading up here.
You fly upwards.
Level annotation: Pikel
There is a stone staircase leading down here.
There is an open door here.
Gressups birthday is no longer moving quickly.
There is a stone staircase leading up here.
You fly upwards.
There is a stone staircase leading down here.
You see here a +0 club.
You see here a +0 dagger.
There is a stone staircase leading up here.
You fly upwards.
There is a stone staircase leading down here.
There is a stone staircase leading up here.
You fly upwards.
There is a stone staircase leading down here.
A blizzard demon comes into view.
There is a staircase leading out of the dungeon here.
Enter note: happy birthday gressup
Enter note: check inventory for gift btw You have escaped!

#..# ###.....# #.### #.## #..##.#
#.# #.# ##..##.# #.# #.# #......#
#.# # #.#####......####.### #
###########.#.#.#.............. #
#..........#.#.#.#....>#####.##
###....>.####.#.#R#.....## #.##
.............#.#@#.#...## #.##
##.###.#....#.#.#.#....# #.##
##.#...#.....#.#.#.##.## #.##
##.#...###..#.#.#.#2...# #...
###......†#..#.#.#.#...# ####
#.###...#..##.#####...#######...
##...#...#..##.# #...#.......##
.....#.###..##.#####...#.##......
......#.....................##.##


You could see the friendly gressups birthday the knight and a blizzard demon.

Vanquished Creatures
  A dread lich (Zot:5)
  An ancient lich (Vaults:5)
  3 orbs of fire (Zot:5)
  A Killer Klown (Zot:5)
  4 caustic shrikes
  5 golden dragons
  An electric golem (Zot:3)
  A hellephant (Elf:3)
  A Hell Sentinel (Depths:1)
  3 walking earthen tomes
  Rupert (D:12)
  3 tentacled monstrosities
  A lich (Vaults:5)
  10 Orb Guardians (Zot:5)
  Mlioglotl (Snake:4)
  A walking crystal tome (Depths:2)
  A quicksilver dragon (Zot:5)
  5 titans
  A deep elf blademaster (Elf:3)
  2 sphinxes
  A deep elf master archer (Elf:3)
  7 tengu reavers
  3 shadow dragons
  An Executioner (D:8)
  A shadow dragon (shapeshifter) (Elf:3)
  4 nagarajas (Snake:4)
  2 storm dragons (Vaults:5)
  A draconian monk (Zot:5)
  The ghost of hotpinklipstick the Warrior, an adept OpWn of Hepliaklqana (Shoals:3)
  5 frost giants
  An iron dragon (Zot:3)
  9 fire giants
  8 vault wardens
  Aizul (Snake:1)
  2 deep elf sorcerers (Elf:3)
  The ghost of Taisar the Imperceptible, an adept SpEn of Dithmenos (Shoals:1)
  2 orc warlords (Orc:2)
  A draconian shifter (Depths:4)
  4 spriggan defenders
  A ghoul (Vaults:2)
  A deep elf elementalist (Elf:2)
  A draconian annihilator (Zot:5)
  A war gargoyle (Depths:3)
  16 very ugly things
  8 ironbound preservers
  13 stone giants
  A vampire knight (Depths:1)
  A lorocyproca (Zot:5)
  2 green draconians
  3 black draconians
  A dire elephant (shapeshifter) (Elf:3)
  3 deep elf annihilators (Elf:3)
  A minotaur (Gauntlet)
  8 deep elf demonologists
  4 dire elephants
  4 entropy weavers
  Azrael (D:12)
  A spark wasp (Depths:2)
  A yellow draconian (Zot:2)
  12 ettins
  3 merfolk javelineers (Shoals:4)
  Snorg (Orc:2)
  7 deep elf death magi
  A blizzard demon (Depths:4)
  9 fire dragons
  8 merfolk impalers
  6 ice dragons
  4 ironbound thunderhulks
  A hydra (shapeshifter) (Vaults:5)
  13 yaktaur captains
  20 naga warriors
  6 great orbs of eyes
  2 deep elf high priests (Vaults:1)
  4 salamander tyrants
  7 spriggan air magi
  4 boulder beetles
  9 anacondas
  3 rakshasas
  5 hydras
  14 vault guards
  A catoblepas (Lair:6)
  8 ironbound frosthearts
  2 peacekeepers
  3 merfolk avatars
  11 centaur warriors
  13 dancing weapons
  An alligator snapping turtle (Shoals:1)
  A satyr (Shoals:3)
  5 deep troll shamans
  5 merfolk aquamancers (Shoals:4)
  2 two-headed ogres
  4 deep troll earth magi
  5 naga sharpshooters
  7 tengu warriors
  An orc high priest (Elf:2)
  2 thrashing horrors (Lair:6)
  A spriggan berserker (Depths:4)
  A deep elf knight (Elf:2)
  5 shock serpents
  A vampire mage (Depths:4)
  A fire crab (shapeshifter) (Elf:3)
  6 hell knights
  2 fire crabs
  4 iron trolls
  10 sea snakes
  3 flayed ghosts
  3 glowing orange brains
  7 naga ritualists
  34 deep trolls
  An obsidian statue (Shoals:1)
  7 phantasmal warriors
  4 deep elf archers
  5 wizards
  7 harpies
  5 orc knights
  2 harpies (shapeshifter)
  23 deep elf zephyrmancers
  14 ironbound convokers
  6 lindwurms (Vaults:1)
  18 deep elf pyromancers
  3 orc sorcerers
  2 wolf spiders
  3 necromancers
  A wolf spider (shapeshifter) (Depths:3)
  3 fauns (Shoals:3)
  2 mana vipers (shapeshifter)
  9 mana vipers
  A glowing shapeshifter (Depths:3)
  33 ugly things
  A manticore (shapeshifter) (Vaults:3)
  9 manticores
  6 cyclopes
  8 moths of wrath
  10 salamanders
  4 merfolk sirens
  A fire giant skeleton (Depths:2)
  6 elephants
  3 large abominations (Lair:6)
  An apocalypse crab (Elf:3)
  An elephant (shapeshifter) (Elf:3)
  23 black mambas
  Joseph (Lair:1)
  14 naga magi
  10 vault sentinels
  9 guardian serpents
  6 cane toads
  A water nymph (Shoals:4)
  An unseen horror (D:10)
  A torpor snail (Lair:1)
  An orange demon (D:15)
  3 rime drakes
  A komodo dragon (shapeshifter) (Elf:3)
  23 yaktaurs
  A freezing wraith (Vaults:5)
  7 komodo dragons
  2 tengu conjurers
  A tormentor (Depths:3)
  A hellwing (Depths:3)
  8 merfolk
  4 trolls
  A meliai (shapeshifter) (D:15)
  A polar bear (Lair:6)
  An ancient zyme (Lair:6)
  A jumping spider (shapeshifter) (D:15)
  6 wind drakes
  A hornet (Depths:4)
  19 slime creatures
  A jumping spider (Gauntlet)
  7 snapping turtles
  11 blink frogs
  4 dream sheep (Shoals:4)
  8 water elementals
  2 air elementals
  A spriggan (shapeshifter) (Lair:6)
  A shadow (D:11)
  A redback (Gauntlet)
  A ynoxinul (Lair:6)
  5 spriggans
  4 wyverns
  22 yaks
  2 wraiths
  3 fire elementals
  3 chaos spawn
  7 basilisks
  6 vampire mosquitoes
  6 wargs
  37 nagas
  A steam dragon (D:8)
  A naga (shapeshifter) (Elf:3)
  15 water moccasins
  2 acid dragons (D:12)
  2 floating eyes
  3 hell hounds (D:12)
  A black bear (Lair:1)
  29 orc warriors
  2 black bears (shapeshifter)
  2 necrophages
  9 ogres
  2 boggarts (Vaults:1)
  4 centaurs
  9 wolves
  4 lemures
  2 kobold brigands
  2 wyvern zombies
  18 bullfrogs
  Blork the orc (D:4)
  3 earth elementals
  3 scorpions (D:5)
  2 water moccasin zombies
  A water moccasin skeleton (D:5)
  A troll zombie (D:11)
  2 killer bees
  5 electric eels
  6 howler monkeys
  A centaur zombie (D:5)
  6 small abominations (Lair:6)
  13 orc priests
  3 hounds
  An iguana (D:6)
  A scorpion zombie (D:5)
  7 orc wizards
  4 ogre zombies (D:11)
  4 adders
  A shadow imp (D:8)
  A white imp (D:7)
  2 ufetubi
  An adder zombie (D:5)
  An adder skeleton (D:4)
  4 dart slugs
  69 orcs
  13 ball pythons
  9 endoplasms
  A giant cockroach (D:3)
  5 goblins
  14 hobgoblins
  4 jackals (D:1)
  11 kobolds
  3 quokkas
  5 bats
  16 frilled lizards
  A goblin skeleton (D:11)
  A goblin zombie (D:11)
  2 hobgoblin skeletons (D:11)
  2 hobgoblin zombies (D:11)
  2 orc skeletons (D:11)
  11 orc zombies (D:11)
  4 rats
1296 creatures vanquished.

Vanquished Creatures (collateral kills)
  3 dread liches
  Bai Suzhen (Shoals:3)
  Xtahua (Vaults:2)
  2 Killer Klowns (Zot:5)
  6 caustic shrikes (Depths:4)
  Nikola (Shoals:3)
  A golden dragon (Depths:3)
  5 tentacled monstrosities
  An electric golem (Zot:5)
  A hellephant (Elf:3)
  14 Orb Guardians
  A lich (Vaults:5)
  2 quicksilver dragons (Vaults:5)
  4 titans
  A deep elf blademaster (Elf:3)
  A death cob (Zot:2)
  2 shadow dragons
  2 storm dragons
  3 sphinxes
  2 tengu reavers (Vaults:5)
  A draconian monk (Zot:5)
  7 nagarajas (Snake:4)
  5 fire giants
  2 iron dragons
  5 deep elf sorcerers
  A juggernaut zombie (Depths:2)
  7 frost giants
  4 vault wardens
  Louise (D:14)
  A ghost moth (Zot:5)
  A draconian shifter (Zot:2)
  3 deep elf elementalists
  4 ironbound preservers
  2 green draconians
  A spriggan defender (Depths:2)
  A reaper (Vaults:2)
  A draconian annihilator (Zot:3)
  3 war gargoyles
  6 stone giants
  8 very ugly things
  5 dire elephants
  4 deep elf annihilators (Elf:3)
  2 spark wasps (Depths:2)
  3 deep elf death magi
  6 fire dragons
  3 ettins
  4 merfolk javelineers
  5 deep elf high priests
  3 merfolk impalers (Shoals:3)
  3 great orbs of eyes
  6 yaktaur captains
  4 salamander tyrants
  2 boulder beetles
  2 rakshasas
  15 vault guards
  A spriggan air mage (Depths:1)
  2 ogre magi
  2 ice dragons
  A merfolk avatar (Shoals:4)
  3 centaur warriors
  4 hydras
  An alligator snapping turtle (Shoals:3)
  13 naga warriors
  A deep troll shaman (Depths:1)
  A merfolk aquamancer (Shoals:4)
  5 anacondas
  4 ironbound frosthearts
  2 dancing weapons
  The ghost of benitares the Covert, a novice GnDe of Okawaru (D:7)
  A deep troll earth mage (Depths:1)
  3 shock serpents
  2 naga sharpshooters
  3 tengu warriors
  An orc high priest (Orc:2)
  A spriggan berserker (Depths:4)
  2 deep elf knights
  9 hell knights
  2 salamander mystics
  7 sea snakes
  2 iron trolls
  A death drake (shapeshifter) (Lair:6)
  18 deep trolls
  2 flayed ghosts (Depths:1)
  3 naga ritualists
  2 deep elf archers
  4 wizards
  3 phantasmal warriors
  5 ironbound convokers
  4 deep elf zephyrmancers
  5 harpies
  2 orc knights
  4 necromancers
  A deep elf pyromancer (Elf:3)
  5 mana vipers
  2 manticores
  15 ugly things
  9 salamanders
  4 elephants (Lair:4)
  An orc sorcerer (Orc:2)
  7 cyclopes
  6 naga magi
  11 black mambas
  A centaur zombie (D:9)
  A rust devil (Depths:3)
  4 water nymphs
  A merfolk siren (Shoals:1)
  3 vault sentinels
  5 cane toads
  5 guardian serpents
  2 unseen horrors (D:12)
  A spriggan skeleton (Depths:2)
  A tengu conjurer (D:15)
  8 yaktaurs
  4 komodo dragons
  A freezing wraith (Vaults:5)
  A rime drake (shapeshifter) (Vaults:5)
  An ancient zyme (Lair:6)
  8 merfolk
  2 polar bears (Lair:5)
  2 demonic crawlers (Zot:2)
  9 wind drakes
  3 trolls
  2 hornets
  6 blink frogs (Lair:6)
  16 slime creatures
  3 dream sheep (Shoals:4)
  3 snapping turtles
  3 redbacks (Vaults:1)
  An air elemental (Shoals:4)
  10 water elementals
  A shadow (D:11)
  2 wyverns
  2 spriggans
  8 yaks
  A basilisk (Lair:6)
  A vampire (D:10)
  5 wargs
  14 nagas
  3 water moccasins
  An ice beast (D:12)
  2 sky beasts (D:7)
  A black bear (Lair:5)
  11 orc warriors
  An ogre (shapeshifter) (Vaults:5)
  2 ogres (Orc:2)
  3 boggarts (Vaults:1)
  A necrophage (D:8)
  4 wolves
  9 centaurs
  A phantom (D:11)
  A kobold brigand (D:10)
  6 small abominations (Lair:6)
  3 bullfrogs
  An earth elemental (Elf:2)
  A troll zombie (D:11)
  4 killer bees
  An electric eel (Lair:6)
  2 orc priests (Orc:2)
  5 orc wizards
  2 ogre zombies (D:11)
  17 orcs
  A hobgoblin zombie (D:11)
  2 kobolds
  An orc skeleton (D:11)
  4 orc zombies (D:11)
604 creatures vanquished.

Vanquished Creatures (others)
  A deep elf master archer (Elf:3)
  A fire giant (Depths:3)
  A black draconian (Zot:2)
  A spark wasp (Depths:2)
  A yaktaur captain (Vaults:5)
  A dancing weapon (Elf:2)
  3 yaktaurs
  2 merfolk
  A warg (Vaults:5)
  A hell hound (D:12)
  An ancestor (D:9)
  36 knights
  An orc wizard (Elf:2)
  An orc (Elf:2)
  23 fungi
  109 plants
  5 withered plants (Depths:3)
189 creatures vanquished.

Grand Total: 2089 creatures vanquished

Notes
Turn   | Place    | Note
-------+----------+-------------------------------------------
     0 | D:1      | EnegeticOcto the Djinni Arcane Marksman began the quest for
                  | the Orb.
     0 | D:1      | Reached XP level 1. HP: 17/17 MP: 0/0
   377 | D:1      | Reached skill level 1 in Stealth
   528 | D:1      | Reached XP level 2. HP: 20/22 MP: 0/0
   576 | D:1      | HP: 1/22 [jackal (1)]
   903 | D:1      | Reached skill level 2 in Stealth
  1028 | D:1      | Reached XP level 3. HP: 27/27 MP: 0/0
  1028 | D:1      | Learned a level 1 spell: Sting
  1063 | D:1      | Found a faded altar of an unknown god.
  1549 | D:2      | Identified 2 scrolls of acquirement
  1549 | D:2      | Acquired a +2 demon trident of electrocution
  2144 | D:2      | Reached XP level 4. HP: 32/32 MP: 0/0
  2346 | D:3      | Reached skill level 1 in Polearms
  2433 | D:3      | Noticed an ogre
  2446 | D:3      | Killed an ogre
  2447 | D:3      | Reached skill level 2 in Polearms
  2447 | D:3      | Reached skill level 3 in Stealth
  2447 | D:3      | Reached XP level 5. HP: 33/37 MP: 0/0
  2447 | D:3      | Learned a level 2 spell: Scorch
  2897 | D:3      | Found a hide-covered altar of Uskayaw.
  3190 | D:4      | Reached skill level 3 in Polearms
  3190 | D:4      | Reached XP level 6. HP: 42/42 MP: 0/0
  3419 | D:4      | Noticed a necrophage
  3424 | D:4      | Killed a necrophage
  3660 | D:4      | Reached skill level 4 in Polearms
  3773 | D:4      | Found a sparkling altar of Nemelex Xobeh.
  3774 | D:4      | Found Bemuenne's Book Boutique.
  3892 | D:4      | Noticed Blork the orc
  3901 | D:4      | Killed Blork the orc
  3902 | D:4      | Reached XP level 7. HP: 29/47 MP: 0/0
  3902 | D:4      | Learned a level 2 spell: Static Discharge
  4185 | D:5      | Entered Level 5 of the Dungeon
  4371 | D:5      | Noticed Pikel
  4950 | D:5      | Found an opulent altar of Gozag.
  4980 | D:5      | Found a sacrificial altar of Ru.
  5183 | D:5      | Reached skill level 5 in Polearms
  5544 | D:5      | Reached skill level 6 in Polearms
  5544 | D:5      | Reached XP level 8. HP: 51/52 MP: 0/0
  5547 | D:5      | Found a shimmering altar of Xom.
  6346 | D:5      | Reached skill level 7 in Polearms
  6912 | D:7      | Found Deeb Rib's Book Shoppe.
  7000 | D:7      | Found a staircase to the Ecumenical Temple.
  7006 | Temple   | Entered the Ecumenical Temple
  7145 | Temple   | Became a worshipper of Elyvilon the Healer
  7167 | Temple   | Fell from the grace of Elyvilon
  7167 | Temple   | Became a worshipper of Hepliaklqana the Forgotten
  7202 | D:7      | Found Jojib's Assorted Antiques.
  7210 | D:7      | Bought a potion of heal wounds for 145 gold pieces
  7210 | D:7      | Bought a scroll labelled JETEOPIETHRA for 29 gold pieces
  7210 | D:7      | Bought a scroll labelled SOJOTA YCAERISE for 29 gold pieces
  7214 | D:7      | Found Niolaij's Weapon Shop.
  7355 | D:7      | Found a runed translucent gate.
  7356 | D:7      | Found a runed translucent gate.
  7356 | D:7      | Noticed benitares's ghost (novice GnDe)
  7357 | D:7      | Found a runed translucent gate.
  7357 | D:7      | Identified the +0 chain mail "Viumousk" {Int+3}
  7423 | D:7      | Found Otowkist's Antique Weapon Shop.
  7665 | D:7      | Reached skill level 8 in Polearms
  7817 | D:7      | Reached XP level 9. HP: 28/57 MP: 0/0
  7817 | D:7      | Learned a level 4 spell: Airstrike
  8113 | D:7      | Found an iron altar of Okawaru.
  8503 | D:7      | Found Estrit's Magic Scroll Boutique.
  8733 | D:8      | Found an ornate altar of the Wu Jian Council.
  8808 | D:8      | Reached skill level 2 in Fighting
  8862 | D:8      | Reached skill level 3 in Fighting
  8921 | D:8      | Found a staircase to the Lair.
  8945 | D:8      | Reached skill level 4 in Fighting
  8955 | D:8      | Reached skill level 5 in Fighting
  9468 | D:7      | Bought a scroll of teleportation for 48 gold pieces
  9468 | D:7      | Bought a scroll of immolation for 56 gold pieces
  9562 | D:8      | Reached skill level 6 in Fighting
  9589 | D:8      | Reached XP level 10. HP: 73/73 MP: 0/0
  9595 | D:8      | Reached skill level 7 in Fighting
  9624 | D:8      | Reached skill level 8 in Fighting
  9812 | D:8      | Reached * piety under Hepliaklqana
 10542 | D:9      | Reached skill level 9 in Fighting
 11427 | D:9      | Reached skill level 10 in Fighting
 11514 | D:9      | Reached ** piety under Hepliaklqana
 11515 | D:9      | Remembered your ancestor gressups birthday as a knight
 11554 | D:9      | Reached skill level 1 in Shields
 11558 | D:9      | Reached skill level 3 in Dodging
 11564 | D:9      | Reached skill level 2 in Shields
 11848 | D:9      | Reached skill level 9 in Polearms
 12101 | D:10     | Entered Level 10 of the Dungeon
 12119 | D:10     | Reached XP level 11. HP: 60/76 MP: 0/0
 12119 | D:10     | Learned a level 4 spell: Fulminant Prism
 12122 | D:10     | Reached skill level 4 in Dodging
 12126 | D:10     | Reached skill level 3 in Shields
 12376 | D:10     | Reached skill level 5 in Dodging
 12376 | D:10     | Reached skill level 4 in Shields
 13079 | D:7      | Killed benitares's ghost
 13155 | D:7      | Reached skill level 6 in Dodging
 13312 | D:7      | Acquired 880 gold pieces
 13366 | D:7      | Bought a scroll of acquirement for 832 gold pieces
 13366 | D:7      | Acquired 1119 gold pieces
 13368 | D:7      | Bought a scroll of blinking for 120 gold pieces
 13368 | D:7      | Bought a scroll of blinking for 120 gold pieces
 13368 | D:7      | Bought a scroll of identify for 32 gold pieces
 13368 | D:7      | Bought a scroll of identify for 32 gold pieces
 13368 | D:7      | Bought a scroll of identify for 32 gold pieces
 13372 | D:7      | Bought a scroll of identify for 32 gold pieces
 13372 | D:7      | Bought a scroll of identify for 32 gold pieces
 13408 | D:7      | Bought a copper ring for 145 gold pieces
 13408 | D:7      | Bought a worn lead wand for 116 gold pieces
 13408 | D:7      | Bought a wand of iceblast (6) for 116 gold pieces
 13514 | Lair:1   | Entered Level 1 of the Lair of Beasts
 13591 | Lair:1   | Reached skill level 10 in Polearms
 13704 | Lair:1   | Noticed Joseph
 13726 | Lair:1   | Killed Joseph
 13956 | Lair:1   | Noticed a four-headed hydra
 14133 | Lair:1   | Killed a four-headed hydra
 14138 | Lair:1   | Reached *** piety under Hepliaklqana
 14186 | Lair:1   | Reached skill level 11 in Polearms
 14312 | Lair:1   | Reached XP level 12. HP: 81/81 MP: 0/0
 14434 | Lair:1   | Noticed a fire dragon
 14671 | Lair:1   | Noticed an eight-headed hydra
 14680 | Lair:1   | Killed an eight-headed hydra
 15089 | Lair:2   | Found a gate leading to a gauntlet.
 15098 | Gauntlet | Entered a Gauntlet
 15098 | Gauntlet | Noticed an entropy weaver
 15098 | Gauntlet | Found a transporter.
 15098 | Gauntlet | Found a large runed translucent door.
 15098 | Gauntlet | Found a large runed translucent door.
 15098 | Gauntlet | Found a large runed translucent door.
 15098 | Gauntlet | Found a large runed translucent door.
 15098 | Gauntlet | Found a large runed translucent door.
 15098 | Gauntlet | Found a large runed translucent door.
 15098 | Gauntlet | Found a runed translucent door.
 15098 | Gauntlet | Found a runed translucent door.
 15098 | Gauntlet | Found a large runed translucent door.
 15098 | Gauntlet | Found a large runed translucent door.
 15098 | Gauntlet | Found a large runed translucent door.
 15098 | Gauntlet | Found a large runed translucent door.
 15098 | Gauntlet | Found a large runed translucent door.
 15098 | Gauntlet | Found a large runed translucent door.
 15115 | Gauntlet | Found a transporter.
 15136 | Gauntlet | Found a transporter.
 15136 | Gauntlet | Found a transporter.
 15151 | Gauntlet | Noticed a hell beast
 15157 | Gauntlet | Found a transporter.
 15167 | Gauntlet | Noticed a six-headed hydra
 15170 | Gauntlet | Found a transporter.
 15184 | Gauntlet | Found a transporter.
 15189 | Gauntlet | Noticed a reaper
 15211 | Gauntlet | Found a transporter.
 15211 | Gauntlet | Found a transporter.
 15219 | Gauntlet | Found a transporter.
 15237 | Gauntlet | Found a large runed translucent door.
 15237 | Gauntlet | Found a large runed translucent door.
 15238 | Gauntlet | Found a runed translucent gate.
 15250 | Gauntlet | Found a transporter.
 15250 | Gauntlet | Found a transporter.
 15250 | Gauntlet | Found a runed translucent gate.
 15251 | Gauntlet | Found a runed translucent gate.
 15251 | Gauntlet | Noticed a glowing orange brain
 15279 | Gauntlet | Found a large runed translucent door.
 15279 | Gauntlet | Found a large runed translucent door.
 15402 | Gauntlet | Reached skill level 12 in Polearms
 15411 | Gauntlet | Killed an entropy weaver
 15736 | Gauntlet | Noticed a minotaur
 15765 | Gauntlet | Killed a minotaur
 16076 | Lair:2   | Acquired 977 gold pieces
 16267 | Lair:2   | Reached **** piety under Hepliaklqana
 16552 | Lair:2   | Reached skill level 1 in Invocations
 16552 | Lair:2   | Reached skill level 1 in Evocations
 16724 | Lair:2   | Reached skill level 2 in Invocations
 16896 | Lair:3   | Reached skill level 2 in Evocations
 16897 | Lair:3   | Reached skill level 13 in Polearms
 17019 | Lair:3   | Noticed a boulder beetle
 17049 | Lair:3   | Killed a boulder beetle
 17206 | Lair:3   | Noticed a seven-headed hydra
 17226 | Lair:3   | Killed a seven-headed hydra
 17227 | Lair:3   | Reached skill level 3 in Invocations
 17227 | Lair:3   | Reached skill level 3 in Evocations
 17325 | Lair:3   | Reached XP level 13. HP: 84/86 MP: 0/0
 17325 | Lair:3   | Learned a level 5 spell: Iskenderun's Battlesphere
 17370 | Lair:3   | Reached ***** piety under Hepliaklqana
 18113 | Lair:3   | Reached skill level 4 in Invocations
 18113 | Lair:3   | Reached skill level 4 in Evocations
 18214 | Lair:3   | Found a staircase to the Shoals.
 18469 | Lair:4   | Found a staircase to the Snake Pit.
 18543 | Lair:4   | Reached skill level 5 in Invocations
 18620 | Lair:4   | Found a bloodstained altar of Trog.
 18657 | Lair:4   | Reached skill level 6 in Invocations
 19172 | Lair:4   | Reached skill level 14 in Polearms
 19505 | Lair:4   | Reached skill level 7 in Invocations
 19845 | Lair:5   | Found a viscous altar of Jiyva.
 19845 | Lair:5   | Found a staircase to the Slime Pits.
 19914 | Lair:5   | Noticed a four-headed hydra
 19923 | Lair:5   | Killed a four-headed hydra
 20173 | Lair:5   | Reached skill level 8 in Invocations
 20720 | Lair:5   | Noticed a seven-headed hydra
 20726 | Lair:5   | Noticed a four-headed hydra
 20729 | Lair:5   | Killed a seven-headed hydra
 20730 | Lair:5   | Reached skill level 9 in Invocations
 20730 | Lair:5   | Reached XP level 14. HP: 44/92 MP: 0/0
 21219 | Lair:6   | Entered Level 6 of the Lair of Beasts
 21225 | Lair:6   | Reached skill level 10 in Invocations
 21236 | Lair:6   | Reached skill level 1 in Armour
 21286 | Lair:6   | Reached skill level 2 in Armour
 21510 | Lair:6   | Reached skill level 3 in Armour
 22358 | Lair:6   | Identified the +2 battleaxe of Action {vorpal, Fly rF+
                  | Stlth-}
 22446 | Lair:6   | Reached skill level 4 in Armour
 22468 | Lair:6   | Reached skill level 11 in Fighting
 22944 | Lair:6   | Reached skill level 12 in Fighting
 23130 | Lair:6   | Found a corrupted altar of Lugonu.
 23130 | Lair:6   | Found a one-way gate to the infinite horrors of the Abyss.
 23328 | Lair:6   | Identified the +4 hand crossbow "Beastbane" {freeze, Int+8}
 23807 | D:11     | Reached ****** piety under Hepliaklqana
 23818 | D:11     | Found a staircase to the Orcish Mines.
 24145 | D:11     | Reached skill level 13 in Fighting
 24797 | Orc:1    | Entered Level 1 of the Orcish Mines
 24852 | Orc:1    | Found a frozen archway.
 25111 | Orc:1    | Found Pylaex Gekie's Weapon Boutique.
 25185 | Orc:1    | Reached XP level 15. HP: 82/103 MP: 0/0
 25185 | Orc:1    | Learned a level 6 spell: Statue Form
 25505 | Orc:2    | Entered Level 2 of the Orcish Mines
 25700 | Orc:2    | Noticed Snorg
 25715 | Orc:2    | Killed Snorg
 25838 | Orc:2    | Noticed an orc warlord
 25849 | Orc:2    | Killed an orc warlord
 25850 | Orc:2    | Reached skill level 5 in Shields
 26347 | Orc:2    | Reached skill level 14 in Fighting
 26404 | Orc:2    | Found Omudenn's Jewellery Shop.
 26404 | Orc:2    | Noticed an orc warlord
 26419 | Orc:2    | Killed an orc warlord
 26568 | Orc:1    | Reached skill level 6 in Shields
 26938 | Orc:2    | Bought an amulet of regeneration for 450 gold pieces
 27014 | Orc:2    | Found Wownaibo's Antique Armour Boutique.
 27019 | Orc:2    | Found a staircase to the Elven Halls.
 27031 | Orc:2    | Found Xoxtac's General Store.
 27039 | Orc:2    | Bought a potion of heal wounds for 85 gold pieces
 27199 | Orc:2    | Found Taareuhi's Antique Weapon Boutique.
 27402 | Orc:2    | Acquired 541 gold pieces
 27404 | Orc:2    | Bought a ring of protection from cold for 375 gold pieces
 27404 | Orc:2    | Bought a ring of willpower for 375 gold pieces
 27596 | D:12     | Found a portal to a secret trove of treasure.
 27630 | D:12     | Noticed Azrael
 27637 | D:12     | Killed Azrael
 27725 | D:12     | Reached skill level 15 in Fighting
 27730 | D:12     | Noticed Sonja
 27731 | D:12     | Noticed Sonja
 27731 | D:12     | Sonja changed into Sonja the ice beast
 27736 | D:12     | Killed Sonja the ice beast
 27827 | D:12     | Noticed Rupert
 27836 | D:12     | Killed Rupert
 27837 | D:12     | Reached skill level 7 in Shields
 28267 | D:13     | Found a broken altar of Ashenzari.
 28368 | D:13     | Noticed Nessos
 28370 | D:13     | Noticed Nessos
 28370 | D:13     | Nessos changed into Nessos the troll
 28373 | D:13     | Killed Nessos the troll
 28906 | D:14     | Reached XP level 16. HP: 101/114 MP: 0/0
 28973 | D:14     | Found a gate to the Vaults.
 29096 | D:14     | Noticed Louise
 29107 | D:14     | Killed Louise
 29108 | D:14     | Reached skill level 16 in Fighting
 29108 | D:14     | Reached skill level 8 in Shields
 29286 | D:14     | Identified the +4 chain mail of Guedak {rC+ rCorr}
 29288 | D:14     | Noticed a sphinx
 29310 | D:14     | Paralysed by a sphinx for 2 turns
 29422 | D:14     | Reached skill level 9 in Shields
 29758 | D:14     | Killed a sphinx
 29922 | D:15     | Entered Level 15 of the Dungeon
 29989 | D:15     | Reached skill level 10 in Shields
 30199 | D:15     | Reached skill level 11 in Shields
 30273 | D:15     | Found a staircase to the Depths.
 30644 | D:15     | Found a sparkling altar of Nemelex Xobeh.
 31177 | Snake:1  | Entered Level 1 of the Snake Pit
 31746 | Snake:1  | Reached skill level 12 in Shields
 31906 | Snake:1  | Found a stormy altar of Qazlal.
 32111 | Snake:1  | Reached skill level 13 in Shields
 32111 | Snake:1  | Reached XP level 17. HP: 113/119 MP: 0/0
 32111 | Snake:1  | Learned a level 6 spell: Starburst
 32240 | Snake:1  | Noticed Aizul
 32257 | Snake:1  | Killed Aizul
 32419 | Snake:1  | Identified the +10 flail of Contradiction {venom, SInv}
 32783 | Snake:2  | Reached skill level 14 in Shields
 33537 | Snake:2  | Reached skill level 15 in Shields
 33583 | Snake:2  | Identified the +4 morningstar of Disaster {flame, rN+ Str+3
                  | Dex+2}
 33849 | Snake:2  | Reached skill level 5 in Armour
 33849 | Snake:2  | Reached skill level 5 in Evocations
 34801 | Snake:3  | Reached skill level 6 in Armour
 34801 | Snake:3  | Reached skill level 6 in Evocations
 34831 | Snake:2  | Reached skill level 11 in Invocations
 34831 | Snake:2  | Reached XP level 18. HP: 102/125 MP: 0/0
 35203 | Snake:3  | Reached skill level 7 in Armour
 35203 | Snake:3  | Reached skill level 7 in Evocations
 35238 | Snake:3  | Acquired 789 gold pieces
 35705 | Snake:3  | Found Puoniaj's Magic Scroll Emporium.
 35716 | Snake:3  | Bought a scroll of enchant weapon for 120 gold pieces
 35716 | Snake:3  | Bought a scroll of fear for 56 gold pieces
 35716 | Snake:3  | Bought a scroll of enchant armour for 120 gold pieces
 35716 | Snake:3  | Bought a scroll of magic mapping for 56 gold pieces
 35716 | Snake:3  | Bought a scroll of teleportation for 48 gold pieces
 35716 | Snake:3  | Bought a scroll of immolation for 56 gold pieces
 35716 | Snake:3  | Bought a scroll of magic mapping for 56 gold pieces
 35716 | Snake:3  | Bought a scroll of fear for 56 gold pieces
 35813 | Snake:4  | Entered Level 4 of the Snake Pit
 36017 | Snake:4  | Reached skill level 8 in Armour
 36017 | Snake:4  | Reached skill level 12 in Invocations
 36017 | Snake:4  | Reached skill level 8 in Evocations
 36277 | Snake:4  | Noticed Mlioglotl
 36288 | Snake:4  | Killed Mlioglotl
 36606 | Snake:4  | Reached skill level 7 in Dodging
 36781 | Snake:4  | Identified the +0 chain mail of Feasting {*Slow rElec rCorr
                  | Int+9}
 36982 | Snake:4  | Reached skill level 9 in Armour
 37407 | Snake:4  | Reached skill level 8 in Dodging
 37428 | Snake:4  | Got a serpentine rune of Zot
 37508 | Snake:4  | Reached XP level 19. HP: 123/130 MP: 0/0
 37508 | Snake:4  | Learned a level 7 spell: Spellforged Servitor
 37772 | Snake:4  | Reached skill level 10 in Armour
 37837 | Snake:4  | Reached skill level 9 in Dodging
 38237 | Shoals:1 | Entered Level 1 of the Shoals
 38249 | Shoals:1 | Reached skill level 10 in Dodging
 38353 | Shoals:1 | Found a runed translucent gate.
 38353 | Shoals:1 | Found a runed translucent gate.
 38353 | Shoals:1 | Found a runed translucent gate.
 38354 | Shoals:1 | Found an opulent altar of Gozag.
 38355 | Shoals:1 | Found Fikots Binu's Assorted Antiques.
 38356 | Shoals:1 | Noticed Taisar's ghost (adept SpEn)
 39055 | Shoals:1 | Killed Taisar's ghost
 39187 | Shoals:1 | Bought a wand of mindburst (14) for 108 gold pieces
 39187 | Shoals:1 | Bought a wand of iceblast (7) for 108 gold pieces
 39187 | Shoals:1 | Bought a scroll of enchant weapon for 202 gold pieces
 39187 | Shoals:1 | Bought a wand of iceblast (7) for 108 gold pieces
 39187 | Shoals:1 | Bought a potion of heal wounds for 135 gold pieces
 39187 | Shoals:1 | Bought a scroll of enchant weapon for 202 gold pieces
 39187 | Shoals:1 | Bought a potion of haste for 270 gold pieces
 39187 | Shoals:1 | Bought a scroll of enchant armour for 202 gold pieces
 39189 | Shoals:1 | Bought ice dragon scales for 1620 gold pieces
 39549 | Shoals:2 | Acquired 704 gold pieces
 39982 | Shoals:3 | Reached skill level 17 in Fighting
 40232 | Shoals:3 | Noticed Nikola
 40243 | Shoals:3 | Killed Nikola
 40379 | Shoals:3 | Noticed Bai Suzhen
 40402 | Shoals:3 | Killed Bai Suzhen
 40529 | Shoals:3 | Noticed hotpinklipstick's ghost (adept OpWn)
 40537 | Shoals:3 | Found a transporter.
 40559 | Shoals:3 | Found a transporter.
 40907 | Shoals:3 | Killed hotpinklipstick's ghost
 40909 | Shoals:3 | Reached skill level 18 in Fighting
 41240 | Shoals:3 | Identified the +0 helmet of Noughts and Crosses {Will++
                  | Str-4 Slay+5}
 41319 | Shoals:4 | Entered Level 4 of the Shoals
 41347 | Shoals:4 | Found a blossoming altar of Fedhas.
 41373 | Shoals:4 | Paralysed by an air elemental for 1 turns
 41425 | Shoals:4 | Paralysed by an air elemental for 1 turns
 41428 | Shoals:4 | Paralysed by an air elemental for 1 turns
 41473 | Shoals:4 | Reached XP level 20. HP: 142/142 MP: 0/0
 41748 | Shoals:4 | Identified the +1 shortbow "Ustraq" {flame, rCorr Str+3}
 41774 | Shoals:4 | Reached skill level 19 in Fighting
 42346 | Shoals:4 | Got a barnacled rune of Zot
 42765 | Vaults:1 | Entered Level 1 of the Vaults
 42824 | Vaults:1 | Identified the +1 whip "Ybaerret" {pain, *Noise rElec rC++
                  | Dex+4}
 42888 | Vaults:1 | Reached skill level 1 in Throwing
 42959 | Vaults:1 | Reached skill level 2 in Throwing
 43145 | Vaults:1 | Reached skill level 20 in Fighting
 43225 | Vaults:1 | Reached skill level 3 in Throwing
 43764 | Vaults:1 | Reached skill level 4 in Throwing
 44233 | Vaults:2 | Found Ymimeul's General Store.
 44263 | Vaults:2 | Reached skill level 5 in Throwing
 44266 | Vaults:2 | Reached XP level 21. HP: 132/152 MP: 0/0
 44266 | Vaults:2 | Learned a level 8 spell: Maxwell's Capacitive Coupling
 44281 | Vaults:2 | Bought a potion of haste for 180 gold pieces
 44281 | Vaults:2 | Bought a scroll of teleportation for 54 gold pieces
 44281 | Vaults:2 | Bought a wand of paralysis (6) for 144 gold pieces
 44281 | Vaults:2 | Bought a scroll of fear for 63 gold pieces
 44281 | Vaults:2 | Bought 5 boomerangs for 45 gold pieces
 44358 | Vaults:2 | Reached skill level 6 in Throwing
 45286 | D:7      | Bought a scroll of brand weapon for 320 gold pieces
 45766 | Vaults:2 | Found a staircase to the Crypt.
 45781 | Vaults:2 | Reached skill level 21 in Fighting
 45896 | Vaults:2 | Reached skill level 7 in Throwing
 46301 | Vaults:2 | Noticed Xtahua
 46314 | Vaults:2 | Killed Xtahua
 46829 | Vaults:3 | Reached skill level 8 in Throwing
 47338 | Vaults:3 | Found Jeinig's Antique Armour Boutique.
 47346 | Vaults:3 | Bought a pair of embroidered gloves for 240 gold pieces
 48036 | Vaults:4 | Reached XP level 22. HP: 162/162 MP: 0/0
 48171 | Vaults:4 | Reached skill level 9 in Throwing
 48423 | Vaults:4 | Reached skill level 22 in Fighting
 48533 | Vaults:4 | Found Siutwog's Distillery.
 48575 | Vaults:4 | Bought a potion of heal wounds for 105 gold pieces
 49042 | Vaults:4 | Reached skill level 10 in Throwing
 49343 | Depths:1 | Entered Level 1 of the Depths
 50232 | Depths:1 | Reached skill level 11 in Throwing
 50614 | Depths:1 | Found a gateway to Hell.
 50737 | Depths:1 | Reached skill level 23 in Fighting
 50849 | Depths:2 | Reached XP level 23. HP: 133/170 MP: 0/0
 50849 | Depths:2 | Learned a level 7 spell: Monstrous Menagerie
 51199 | Depths:2 | Found a one-way gate leading to the halls of Pandemonium.
 51264 | Depths:2 | Noticed a golden dragon
 51377 | Depths:2 | Noticed a caustic shrike
 51391 | Depths:1 | Killed a caustic shrike
 51808 | Depths:2 | Found a gateway to a ziggurat.
 51851 | Depths:2 | Reached skill level 12 in Throwing
 52032 | Depths:2 | Killed a golden dragon
 52558 | Depths:2 | Found a shimmering altar of Xom.
 52559 | Depths:2 | Found a shimmering altar of Xom.
 52559 | Depths:2 | Found a shimmering altar of Xom.
 52560 | Depths:2 | Found a shimmering altar of Xom.
 52560 | Depths:2 | Found a shimmering altar of Xom.
 52560 | Depths:2 | Found a shimmering altar of Xom.
 52561 | Depths:2 | Found a shimmering altar of Xom.
 53309 | Depths:3 | Reached skill level 24 in Fighting
 53333 | Depths:3 | Reached skill level 13 in Throwing
 54213 | Depths:3 | Reached XP level 24. HP: 103/179 MP: 0/0
 54404 | Depths:3 | Reached skill level 14 in Throwing
 54615 | Depths:3 | Noticed a golden dragon
 54627 | Depths:3 | Killed a golden dragon
 54659 | Depths:3 | Found a corrupted altar of Lugonu.
 55182 | Depths:3 | Found a stormy altar of Qazlal.
 55240 | Depths:4 | Entered Level 4 of the Depths
 55459 | Depths:4 | Reached skill level 15 in Throwing
 55525 | Depths:4 | Noticed a golden dragon
 55621 | Depths:3 | Killed a golden dragon
 55708 | Depths:4 | Found a hide-covered altar of Uskayaw.
 55795 | Depths:4 | Noticed a caustic shrike
 55795 | Depths:4 | Noticed a caustic shrike
 55795 | Depths:4 | Noticed a caustic shrike
 55798 | Depths:4 | Noticed a caustic shrike
 55804 | Depths:4 | Killed a caustic shrike
 55805 | Depths:4 | Killed a caustic shrike
 55810 | Depths:4 | Killed a caustic shrike
 55818 | Depths:4 | Killed a caustic shrike
 56063 | Depths:4 | Found Qucwygag's Book Shoppe.
 56063 | Depths:4 | Found Kipu's Jewellery Shop.
 56064 | Depths:4 | Found Kirphe Ryphur's Jewellery Shop.
 56159 | Depths:4 | Noticed a caustic shrike
 56159 | Depths:4 | Noticed a caustic shrike
 56159 | Depths:4 | Noticed a caustic shrike
 56159 | Depths:4 | Noticed a caustic shrike
 56159 | Depths:4 | Noticed a caustic shrike
 56207 | Depths:4 | Reached skill level 16 in Throwing
 56291 | Depths:4 | Killed a caustic shrike
 56296 | Depths:4 | Killed a caustic shrike
 56299 | Depths:4 | Killed a caustic shrike
 56301 | Depths:4 | Killed a caustic shrike
 56304 | Depths:4 | Killed a caustic shrike
 56501 | Depths:4 | Found a gate to the Realm of Zot.
 56814 | Elf:1    | Entered Level 1 of the Elven Halls
 56895 | Elf:1    | Found the +8 storm bow {elec, penet}
 57142 | Elf:1    | Found Elept's Magic Scroll Emporium.
 57148 | Elf:1    | Bought a scroll of teleportation for 57 gold pieces
 57148 | Elf:1    | Bought a scroll of enchant armour for 142 gold pieces
 57148 | Elf:1    | Bought a scroll of teleportation for 57 gold pieces
 57148 | Elf:1    | Bought a scroll of teleportation for 57 gold pieces
 57346 | Elf:1    | Paralysed by an air elemental for 1 turns
 57373 | Elf:1    | Reached skill level 9 in Evocations
 57546 | Elf:1    | Reached XP level 25. HP: 175/184 MP: 0/0
 57546 | Elf:1    | Learned a level 9 spell: Death's Door
 57938 | Elf:2    | Reached skill level 11 in Armour
 58119 | Elf:2    | Found a runed translucent gate.
 58120 | Elf:2    | Found a runed translucent gate.
 58120 | Elf:2    | Found a runed translucent gate.
 58310 | Elf:3    | Entered Level 3 of the Elven Halls
 58441 | Elf:3    | Found a huge runed gate.
 58441 | Elf:3    | Found a huge runed gate.
 58447 | Elf:3    | Found a huge runed gate.
 58447 | Elf:3    | Found a huge runed gate.
 58447 | Elf:3    | Found a huge runed gate.
 58447 | Elf:3    | Found a huge runed gate.
 58447 | Elf:3    | Found a huge runed gate.
 58461 | Elf:3    | Found a huge runed gate.
 58461 | Elf:3    | Found a huge runed gate.
 58461 | Elf:3    | Found a huge runed gate.
 58463 | Elf:3    | Found a huge runed gate.
 58464 | Elf:3    | Found a huge runed gate.
 58478 | Elf:3    | Found a huge runed gate.
 58478 | Elf:3    | Found a huge runed gate.
 58478 | Elf:3    | Found a huge runed gate.
 58478 | Elf:3    | Found a huge runed gate.
 58478 | Elf:3    | Found a huge runed gate.
 58478 | Elf:3    | Found a huge runed gate.
 58479 | Elf:3    | Found a huge runed gate.
 58480 | Elf:3    | Found a huge runed gate.
 58481 | Elf:3    | Found a huge runed gate.
 58489 | Elf:3    | Found a huge runed gate.
 58489 | Elf:3    | Found a huge runed gate.
 58489 | Elf:3    | Found a huge runed gate.
 58489 | Elf:3    | Found a huge runed gate.
 58489 | Elf:3    | Found a huge runed gate.
 58489 | Elf:3    | Found a huge runed gate.
 58489 | Elf:3    | Found a huge runed gate.
 58496 | Elf:3    | Found a huge runed gate.
 58500 | Elf:3    | Found a huge runed gate.
 58509 | Elf:3    | Found a huge runed gate.
 58509 | Elf:3    | Found a huge runed gate.
 58509 | Elf:3    | Found a huge runed gate.
 58509 | Elf:3    | Found a huge runed gate.
 58509 | Elf:3    | Found a huge runed gate.
 58509 | Elf:3    | Found a huge runed gate.
 59361 | Elf:3    | Identified the ring "Mauzalal" {rC+ rN+}
 59402 | Elf:3    | Identified the ring of the Endless Ears {rF+ Str+5 Dex+2}
 59605 | Elf:3    | Reached skill level 10 in Evocations
 59642 | Elf:3    | Identified the ring of the Establishment {Fly rElec rC+
                  | Int-2}
 60211 | Elf:3    | Reached skill level 12 in Armour
 61377 | D:12     | You paid a toll of a +6 demon whip to enter a treasure
                  | trove
 61378 | Trove    | Entered a treasure trove
 61596 | Vaults:5 | Entered Level 5 of the Vaults
 61852 | Vaults:5 | Reached skill level 11 in Evocations
 62310 | Vaults:5 | Found the +4 dagger "Morg" {pain, Will+ Int+5}
 62476 | Vaults:5 | Noticed a dread lich
 62495 | Vaults:5 | Killed a dread lich
 62496 | Vaults:5 | Reached skill level 25 in Fighting
 62514 | Vaults:5 | Identified the +1 helmet of Cynicism {rPois rCorr Int+2
                  | Slay-5}
 62770 | Vaults:5 | Identified the +0 ring mail of Existentialism {Rampage}
 63173 | Vaults:5 | Reached XP level 26. HP: 189/193 MP: 0/0
 63181 | Vaults:5 | Reached skill level 13 in Armour
 63553 | Vaults:5 | Noticed an ancient lich
 63580 | Vaults:5 | Killed an ancient lich
 63643 | Vaults:5 | Noticed a dread lich
 63646 | Vaults:5 | Reached skill level 12 in Evocations
 63654 | Vaults:5 | Killed a dread lich
 63936 | Vaults:5 | Identified the +1 shadow dragon scales of the Butterfly
                  | {Int+2 Stlth++++}
 63965 | Vaults:5 | Identified the +7 spear "Ahefeeq" {elec, Int+3}
 64069 | Vaults:5 | Identified the +9 plate armour of the Hanged Man {Harm
                  | rCorr}
 64082 | Vaults:5 | Reached skill level 14 in Armour
 64202 | Vaults:5 | Got a silver rune of Zot
 64248 | Vaults:5 | Identified the ring of Moontef {rElec rCorr Int+6 Dex+4}
 64571 | Vaults:5 | Reached skill level 26 in Fighting
 64963 | Vaults:5 | Identified the +1 pair of boots of the Trees {Fly Str+3
                  | Int+5}
 65197 | Zot:1    | Entered Level 1 of the Realm of Zot
 65425 | Zot:2    | Found a runed translucent door.
 65430 | Zot:2    | Found a shimmering altar of Xom.
 65430 | Zot:2    | Noticed Manloll's ghost (legendary GnMo)
 65430 | Zot:2    | Identified the +0 glaive of Circularity {chaos, rPois rF+
                  | rN+ Dex+3}
 66309 | Zot:5    | Entered Level 5 of the Realm of Zot
 66474 | Zot:5    | Noticed an orb of fire
 66482 | Zot:5    | Gained mutation: Your body sometimes deteriorates upon
                  | taking damage. [an orb of fire]
 66484 | Zot:5    | Killed an orb of fire
 67228 | Zot:5    | Noticed a dread lich
 67238 | Zot:5    | Killed a dread lich
 67239 | Zot:5    | Reached skill level 27 in Fighting
 67239 | Zot:5    | Reached XP level 27. HP: 205/205 MP: 0/0
 67239 | Zot:5    | Learned a level 9 spell: Polar Vortex
 68597 | Zot:5    | Noticed an orb of fire
 68603 | Zot:5    | Gained mutation: You are weak. (Str -2) [an orb of fire]
 68610 | Zot:5    | Killed an orb of fire
 68616 | Zot:5    | Noticed an orb of fire
 68617 | Zot:5    | Gained mutation: You are frail. (-10% HP) [an orb of fire]
 68629 | Zot:5    | Killed an orb of fire
 68630 | Zot:5    | Reached skill level 13 in Invocations
 68630 | Zot:5    | Noticed a Killer Klown
 68639 | Zot:5    | Noticed a dread lich
 68642 | Zot:5    | Noticed a Killer Klown
 68645 | Zot:5    | Killed a Killer Klown
 68651 | Zot:5    | Killed a dread lich
 68652 | Zot:5    | Noticed a Killer Klown
 68655 | Zot:5    | Identified the +9 falchion "Vufrol" {freeze, rN+}
 68662 | Zot:5    | Killed a Killer Klown
 68669 | Zot:5    | Killed a Killer Klown
 68714 | Zot:5    | Reached skill level 14 in Invocations
 69285 | Zot:5    | Reached skill level 15 in Invocations
 69394 | Zot:5    | Got the Orb of Zot
 69777 | Depths:1 | Lost mutation: Your body sometimes deteriorates upon taking
                  | damage. [potion of mutation]
 69777 | Depths:1 | Lost mutation: You are frail. (-10% HP) [potion of
                  | mutation]
 69777 | Depths:1 | Gained mutation: You possess an exceptional clarity of
                  | mind. [potion of mutation]
 69777 | Depths:1 | Gained mutation: Your mind is acute. (Int +2) [potion of
                  | mutation]
 70112 | D:1      | happy birthday gressup
 70112 | D:1      | check inventory for gift btw
 70113 | D:$      | Escaped with the Orb!

Illustrated notes

#..# ###.....# #.### #.## #..##.#
#.# #.# ##..##.# #.# #.# #......#
#.# # #.#####......####.### #
###########.#.#.#.............. #
#..........#.#.#.#....>#####.##
###....>.####.#.#R#.....## #.##
.............#.#@#.#...## #.##
##.###.#....#.#.#.#....# #.##
##.#...#.....#.#.#.##.## #.##
##.#...###..#.#.#.#2...# #...
###......†#..#.#.#.#...# ####
#.###...#..##.#####...#######...
##...#...#..##.# #...#.......##
.....#.###..##.#####...#.##......
......#.....................##.##


Turn 70112 on D:1: happy birthday gressup

Levels and vault maps discovered:
D:1:      lightli_arrival_chessboard, layout_loops_cross,
          hellmonk_ecumenical_altar_zigzags, minmay_pentomino_v4
D:2:      layout_basic, basic_altar, minivault_27,
          chequers_serial_rivers_small_3, minmay_tiny_reverse_x
D:3:      layout_loops_ring, mainiacjoe_overflow_surrounded_room,
          minmay_shallow_snake_nest
D:4:      layout_loops_corners, mainiacjoe_overflow_tiny_flanked, serial_shops,
          shop, uniq_blork_the_orc
D:5:      layout_layer_cave, lemuel_crystal_altar,
          mainiacjoe_overflow_six_doors_small, hangedman_ru_absence,
          grunt_gozag_statues, uniq_pikel
D:6:      layout_cave_pools, minmay_lizard_king
D:7:      layout_loops_ring, kennysheep_okawaru_gauntlet,
          minmay_temple_entry_arrows, serial_shops,
          nicolae_shop_overgrown_old_shop, shop, shop, kennysheep_mini_moat,
          kennysheep_little_box, biasface_ghost_orc_armoury,
          minmay_misc_feat_room, minmay_starry_boxes
D:8:      layout_layer_cave, old_standard_altar, erik_lair_orcish_takeover,
          roderic_lattice_a
D:9:      layout_long_grid
D:10:     layout_irregular_city, serial_column_ruins, column_ruins_hut,
          column_ruins_open_tiny, column_ruins_open_medium, column_ruins_grid_3,
          column_ruins_corridor_straight, column_ruins_open_tiny,
          column_ruins_open_medium_water
D:11:     layout_stronghold, zombieorc2_lemuel
D:12:     layout_roguey, enter_trove_3, uniq_sonja, uniq_azrael, uniq_rupert
D:13:     layout_loops_cross, ashenzari_conservatory_becter, uniq_nessos
D:14:     minmay_the_grid_triangle_9x9_rhombus_thin_mashed
          [minmay_the_grid_triangle_9x9_stretched_checkered,
          minmay_the_grid_triangle_9x9_prize_center,
          minmay_the_grid_triangle_9x9_zippers_horizontal,
          minmay_the_grid_triangle_9x9_wacky_v], layout_stronghold,
          erik_vaults_1, uniq_louise
D:15:     hangedman_depths_entry_civil_slaughter, layout_cave_pods,
          nemelex_spade_bored_becter, serial_glass, glass_columns_c,
          glass_columns_b, kb_rosetta
Temple:   eino_narrow_crystal_temple
Lair:1:   dragon1_lemuel, layout_regular_city, minmay_hedge_maze,
          nzn_random_ring, uniq_joseph
Lair:2:   layout_regular_city, gauntlet_entry_generic, grunt_megastairs_4,
          lemuel_fruit_tree
Lair:3:   layout_regular_city, minmay_shoals_entry_hut,
          grunt_forest_small_clearings, serial_bayou_pond_b, minivault_27,
          wad_woods_02, infiniplex_staircase_pool
Lair:4:   layout_cave_pods, guppyfry_snake_entry_island, basic_altar,
          lemuel_fruit_fields
Lair:5:   nzn_winding_woodlands_medium [nzn_winding_woodlands_5x5_closed_star,
          nzn_winding_woodlands_5x15_sidewinder,
          nzn_winding_woodlands_5x5_open_star,
          nzn_winding_woodlands_5x5_checkerboard,
          nzn_winding_woodlands_center_pierced_h,
          nzn_winding_woodlands_5x5_cross, nzn_winding_woodlands_5x5_perimeter,
          nzn_winding_woodlands_5x15_pathside_ponds,
          nzn_winding_woodlands_5x5_default], layout_hall_layers, slime_altar_1,
          grunt_forest_stairs_clearing
Lair:6:   hellmonk_lair_end_abyssal_woods, layout_cave_pods, lookout_lair_type
Shoals:1: layout_shoals, ebering_ghost_gozag
Shoals:2: layout_shoals, nzn_prometheus_bound
Shoals:3: layout_shoals, gammafunk_ghost_berserking_beasts,
          nicolae_shoals_isolated_beach, uniq_bai_suzhen, uniq_nikola
Shoals:4: shoals_end_hellmonk_storm_palace [storm_palace_center_circular,
          storm_palace_corner_altar, storm_palace_corner_reverse_hut,
          storm_palace_corner_narrow, storm_palace_corner_reverse_hut]
Snake:1:  layout_misc_corridors, basic_altar, st_stairs_14,
          nrook_guardian_serpent_ordinary, grunt_megastairs_3,
          serial_bayou_shore_b, uniq_aizul
Snake:2:  layout_concentric_octagons, nicolae_snake_gridmaze_entwining,
          serial_bayou_ford_a, nicolae_snake_round_shape_thing,
          serial_bayou_pond_c, eino_curves_04, nicolae_snake_scaly_snakehead
Snake:3:  layout_misc_corridors, serial_shops, nicolae_shop_statue_plus,
          nicolae_snake_storage_room
Snake:4:  grunt_snake_rune_spirals, layout_onion, uniq_mlioglotl
Orc:1:    layout_caves, portal_ice_cave_entry_pillars_2, serial_shops,
          nicolae_lakefront_shop
Orc:2:    grunt_orc_gardens, layout_diamond_mine, grunt_orc_garden,
          grunt_orc_garden, grunt_orc_garden, grunt_orc_garden, basic_altar,
          uniq_snorg
Elf:1:    elf_arrival_002, layout_geoelf_diagonals, minmay_elf_annihilation,
          small_statue_intersection, minivault_20, minmay_shop_star
Elf:2:    nicolae_elf_blades_crystal_corner, layout_rooms, basic_altar,
          item_on_display_a, uniq_jorgrun
Elf:3:    grunt_elf_hall_branching, layout_loops_ring, not_door_vault_due
Vaults:1: ontoclasm_vaults_claustrophobia, nicolae_vaults_network_barrier,
          v_pattern_5, nicolae_vaults_quadrants, v_misc_18, vaults_room_grid,
          vaults_room_boxed, vaults_room_pools, v_misc_17, v_misc_3,
          ontoclasm_vaults_eye, layout_vaults_maze_bifur
Vaults:2: minmay_crypt_entry_simple_round, vaults_room_fours,
          hangedman_vaults_river_flow, vaults_room_door_ring,
          hangedman_vaults_corner_blocks, nicolae_vaults_minivaults,
          v_alt_pattern_3, vaults_room_large_hall,
          nicolae_vaults_big_angled_halls, nicolae_vaults_shelves_hall,
          nicolae_vaults_mini_display_case, layout_vaults_ring, serial_shops,
          shop_statue, uniq_xtahua
Vaults:3: mu_enter_wizlab_5, vaults_room_corners, vaults_mumra_chevron_long,
          hangedman_vaults_slice, v_alt_pattern_6, nicolae_vaults_little_ls,
          vaults_dpeg_encased_lava, nicolae_vaults_shelves_hall,
          vaults_dpeg_ring, layout_vaults_quadrants, serial_shops, shop
Vaults:4: vaults_room_door_hall, nicolae_vaults_what_the_h,
          nicolae_vaults_little_squares_6, hangedman_vaults_corner_blocks,
          ontoclasm_vaults_chip, dpeg_vaults_monster_box, st_spiral_rooms,
          grunt_vaults_hallway_short, ontoclasm_vaults_loading_screen,
          vaults_room_door_ring, layout_vaults_chaotic_city, serial_shops, shop
Vaults:5
Depths:1: layout_cave_pools, amcnicky_mini_rare_corridor_liquid,
          grunt_hell_entry_dis_grunt, st_stairs_2, kennysheep_nub,
          vehumet_statue
Depths:2: evilmike_diamond_1, layout_cave_shapes, enter_ziggurat_a, hell_entry,
          serial_sigils, serial_sigils_hangedman_scratch,
          serial_sigils_hangedman_gut, serial_sigils_hangedman_carve,
          serial_sigils_hangedman_etch, serial_sigils_hangedman_confine,
          serial_sigils_hangedman_gnaw, pan_entry, xom_redecorated
Depths:3: regret_index_qazlal_generations, layout_long_grid,
          abyss_entry_flame_altar, rand_demon_pan_entry_5,
          pf_hell_entry_great_geh, serial_co_window_serial,
          co_window_of_opportunity_a, co_window_corner_a, co_window_cross_1,
          co_window_of_opportunity_a, co_window_cross_1, co_window_broadway_b,
          co_window_corner_cb, co_window_cross_3, co_window_corner_ca,
          co_window_corner_b, glass_columns_a, abandoned_shop,
          kiku_gazebo_garden_becter
Depths:4: evilmike_zot_entry_basic, layout_gridlike, nicolae_uskayaw_suspiria,
          hangedman_coc_ice_floe, minmay_shop_grove
Zot:1:    hangedman_zot_vaults_quadrants, layout_cathedral_of_symmetry,
          drop_trap
Zot:2:    infiniplex_zot_generator, layout_cellular_growth, ebering_ghost_xom
Zot:3:    layout_misc_corridors, hangedman_player_shredder
Zot:4:    layout_twisted_circle
Zot:5:    layout_cellular_growth

Skill      XL: |  1  2  3  4  5  6  7  8  9 10 11 12 13 14 15 16 17 18 19 20 21 22 23 24 25 26 27 |
---------------+----------------------------------------------------------------------------------+-----
Stealth        | 1 2 3 |  3.0
Polearms       | 2 3 4 6 8 9 11 13 14 | 14.0
Fighting       | 6 10 13 15 16 18 20 21 23 24 25 27 | 27.0
Shields        | 2 4 7 13 15 | 15.0
Dodging        | 3 6 8 10 | 10.0
Invocations    | 3 9 10 11 12 15 | 15.0
Evocations     | 3 4 6 8 9 11 12 | 12.0
Armour         | 4 6 9 10 12 14 | 14.4
Throwing       | 5 8 11 13 16 | 16.0
Crossbows      | |  1.5
Spellcasting   | |  2.5

Action                   |  1- 3 |  4- 6 |  7- 9 | 10-12 | 13-15 | 16-18 | 19-21 | 22-24 | 25-27 || total
-------------------------+-------+-------+-------+-------+-------+-------+-------+-------+-------++-------
Melee: Demon trident     |    21 |   100 |   267 |   331 |   981 |  1138 |  1101 |  1172 |   853 ||  5964
 Fire: Hand crossbow     |    84 |     1 |       |     1 |       |       |       |       |       ||    86
Throw: Dart              |       |       |       |     2 |       |       |       |       |       ||     2
       Throwing net      |       |       |       |     1 |       |       |       |       |       ||     1
       Javelin           |       |       |       |       |     3 |       |       |       |    44 ||    47
       Boomerang         |       |       |       |       |       |       |     1 |   146 |   177 ||   324
 Cast: Slow              |     9 |     9 |    23 |    15 |       |       |       |       |       ||    56
       Sting             |    10 |       |     4 |       |       |       |       |       |       ||    14
Invok: Ancestor Identity |       |       |       |     2 |       |       |       |       |       ||     2
       Ancestor Life: Kn |       |       |       |     1 |       |       |       |       |       ||     1
       Recall Ancestor   |       |       |       |       |     5 |     4 |     3 |     3 |     2 ||    17
       Idealise          |       |       |       |       |     7 |     8 |     8 |     7 |     6 ||    36
       Transference      |       |       |       |       |     1 |     4 |     3 |     1 |       ||     9
Evoke: Wand              |       |       |       |     6 |    23 |     7 |    11 |     2 |    11 ||    60
       Lightning rod     |       |       |       |       |     6 |     8 |     3 |       |       ||    17
       Condenser vane    |       |       |       |       |       |     1 |     2 |     2 |     3 ||     8
       Phantom mirror    |       |       |       |       |       |     1 |     2 |     3 |     1 ||     7
       Phial of floods   |       |       |       |       |       |       |     2 |       |     2 ||     4
       Tin of tremorston |       |       |       |       |       |       |       |       |     3 ||     3
       Box of beasts     |       |       |       |       |       |       |       |       |     2 ||     2
  Use: Potion            |     1 |       |     2 |       |       |       |     1 |     2 |     5 ||    11
       Scroll            |     1 |       |    12 |    21 |    10 |     4 |    20 |    10 |    18 ||    96
 Stab: Sleeping          |     4 |     8 |     5 |    16 |    11 |     1 |       |       |       ||    45
       Distracted        |       |       |     5 |     5 |     5 |    10 |    17 |    12 |    17 ||    71
       Held in net/web   |       |       |       |     1 |       |       |       |       |       ||     1
       Confused          |       |       |       |       |       |     2 |       |       |       ||     2
       Paralysed         |       |       |       |       |       |       |     2 |       |     2 ||     4
Armor: Robe              |    11 |    12 |       |       |       |       |       |       |       ||    23
       Leather armour    |       |     7 |    55 |    75 |   134 |       |       |       |       ||   271
       Skin              |       |       |    12 |       |       |       |       |       |       ||    12
       Troll leather arm |       |       |       |       |    44 |    79 |       |       |       ||   123
       Chain mail        |       |       |       |       |       |   198 |    36 |       |       ||   234
       Ice dragon scales |       |       |       |       |       |       |   249 |   285 |   184 ||   718
Dodge: Dodged            |    53 |    44 |   117 |   127 |   286 |   189 |   216 |   198 |   139 ||  1369
Block: Buckler           |       |       |     6 |    61 |   121 |    31 |       |       |       ||   219
       Kite shield       |       |       |       |       |       |   389 |   366 |   293 |   213 ||  1261

Table legend: (Time is in decaauts)
 A = Elapsed time spent in this place.
 B = Non-inter-level travel time spent in this place.
 C = Inter-level travel time spent in this place.
 D = Time resting spent in this place.
 E = Time spent auto-exploring this place.
 F = Levels seen in this place.
 G = Mean time per level.
                   A        B        C        D        E       F      G
               +--------+--------+--------+--------+--------+-----+--------+
         Total |  67801 |  61045 |   6756 |  14481 |  34258 |  51 | 1329.4 |
       Dungeon |  20720 |  17488 |   3232 |   3071 |  11312 |  15 | 1381.3 |
        Temple |    176 |    141 |     35 |      0 |    130 |   1 |  176.0 |
          Lair |   9574 |   8422 |   1152 |   1466 |   5747 |   6 | 1595.7 |
        Shoals |   4218 |   3861 |    357 |    624 |   2339 |   4 | 1054.5 |
     Snake Pit |   6056 |   5909 |    147 |   1348 |   3000 |   4 | 1514.0 |
  Orcish Mines |   2670 |   2458 |    212 |    884 |   1073 |   2 | 1335.0 |
   Elven Halls |   3877 |   3635 |    242 |    870 |   2104 |   3 | 1292.3 |
        Vaults |   8544 |   7977 |    567 |   1750 |   4406 |   5 | 1708.8 |
        Depths |   6660 |   6259 |    401 |   1251 |   3607 |   4 | 1665.0 |
           Zot |   4351 |   3944 |    407 |   2812 |    272 |   5 |  870.2 |
         Trove |     38 |     38 |      0 |      0 |      0 |   1 |   38.0 |
      Gauntlet |    911 |    911 |      0 |    403 |    268 |   1 |  911.0 |
               +--------+--------+--------+--------+--------+-----+--------+

Top non-repeatable levels by time:
Vaults:5: 3151 daAuts
   Zot:5: 3086 daAuts
     D:8: 2567 daAuts
Depths:3: 2311 daAuts
   Elf:3: 2257 daAuts
 Snake:4: 2172 daAuts
  Lair:6: 2093 daAuts
 Snake:2: 2065 daAuts
  Lair:1: 1980 daAuts
  Lair:3: 1818 daAuts
     D:7: 1812 daAuts
Depths:2: 1761 daAuts
    D:15: 1755 daAuts
   Orc:1: 1727 daAuts
     D:5: 1721 daAuts
